 Dungeon Crawl Stone Soup version 0.19-a0-1127-gac58878 (webtiles) character file.

77 JustSomeDude the Skirmisher (level 4, -3/35 HPs)
             Began as a Demonspawn Fighter on Aug 12, 2016.
             Slain by a centaur (5 damage)
             ... on level 5 of the Dungeon.
             The game lasted 00:01:45 (962 turns).

JustSomeDude the Skirmisher (Demonspawn Fighter)     Turns: 962, Time: 00:01:45

Health: -3/35      AC:  8    Str: 18    XL:     4   Next: 13%
Magic:  4/4        EV:  7    Int:  9    God:
Gold:   104        SH:  9    Dex: 12    Spells: 0 memorised, 3 levels left

rFire  + . .     SeeInvis .     a - +0 trident
rCold  . . .     Gourm    .     b - +0 scale mail
rNeg   + . .     Faith    .     c - +0 shield
rPois  .         Spirit   .     (no helmet)
rElec  .         Dismiss  .     (no cloak)
rCorr  .         Reflect  .     (no gloves)
SustAt .         Harm     .     (no boots)
MR     .....                    (no amulet)
Stlth  +.........               (no ring)
                                r - ring of Lazuf {rN+ Stlth+}

@:
A: molten scales 1, fire resistance 1
a: no special abilities


You were on level 5 of the Dungeon.
You were not hungry.

You visited 1 branch of the dungeon, and saw 5 of its levels.

You collected 104 gold pieces.

Inventory:

Hand Weapons
 a - a +0 trident (weapon)
Armour
 b - a +0 scale mail (worn)
 c - a +0 shield (worn)
Jewellery
 r - the ring of Lazuf (left hand) {rN+ Stlth+}
   (You found it on level 5 of the Dungeon)

   [ring of stealth]

   It protects you from negative energy.
   It makes you more stealthy.
Scrolls
 e - 2 scrolls of random uselessness {unknown}
 i - a scroll of enchant weapon {unknown}
 j - a scroll of noise {unknown}
 l - a scroll of magic mapping {unknown}
 m - a scroll of identify {unknown}
 o - a scroll of teleportation {unknown}
 s - a scroll of amnesia {unknown}
 t - a scroll of remove curse {unknown}
Potions
 d - a potion of might
 g - 2 potions of curing {unknown}
 h - a potion of lignification {unknown}
 k - a potion of flight {unknown}
 n - a potion of beneficial mutation {unknown}
Comestibles
 f - 3 bread rations
 p - a chunk of flesh
 q - a meat ration


   Skills:
 + Level 3.5 Fighting
 + Level 2.5 Polearms
 + Level 3.1 Armour
 + Level 0.5 Dodging
 + Level 0.2 Stealth
 + Level 3.1 Shields


You had 3 spell levels left.
You didn't know any spells.

Dungeon Overview and Level Annotations

Branches:
Dungeon (5/15)
 Temple: D:4-7

Altars:
Ru


Innate Abilities, Weirdness & Mutations

You are partially covered in molten scales. (AC +2)
Your flesh is heat resistant. (rF+)


Message History

You block the centaur's attack.
The centaur hits you but does no damage.
You hit the centaur.
The centaur is severely wounded.
The centaur hits you!
* * * LOW HITPOINT WARNING * * *
The centaur hits you.
* * * LOW HITPOINT WARNING * * *
You are too injured to fight recklessly!
You are too injured to fight recklessly!
You are too injured to fight recklessly!
You are too injured to fight recklessly!
You are too injured to fight recklessly!
You are too injured to fight recklessly!
You closely miss the centaur.
The centaur is severely wounded.
The centaur hits you.
* * * LOW HITPOINT WARNING * * *
The centaur hits you.
You die...

#..#.#..... ..
#..#.#....# ..
##....#..... .###
#.....#.#.# ..#
#..##.#.#.# #.#
#..##.....#
#+#####+#.###..####.###
...........##..# #.####
......c@.((....# #.....
.........#.###.# ##....
#+#.............. +....
#.#######+##.### #....
# #.# #.... .# #.... .#
#.... #.... #....


You could see a centaur.

Vanquished Creatures
  A hound skeleton (D:4)
  A shadow imp (D:5)
  3 worms
  A dart slug (D:1)
  6 bats
  A bat zombie (D:1)
  3 giant cockroaches
  6 goblins
  7 hobgoblins
  3 jackals (D:1)
  4 kobolds (D:1)
  4 giant newts
  A quokka zombie (D:1)
  3 rats
44 creatures vanquished.

Notes
Turn   | Place    | Note
-------+----------+-------------------------------------------
     0 | D:1      | JustSomeDude the Demonspawn Fighter began the quest for the Orb.
     0 | D:1      | Reached XP level 1. HP: 18/18 MP: 1/1
   105 | D:1      | Gained mutation: You are partially covered in molten scales. (AC +2) [demonic ancestry]
   105 | D:1      | Reached XP level 2. HP: 20/24 MP: 2/2
   411 | D:1      | Gained mutation: Your flesh is heat resistant. (rF+) [demonic ancestry]
   411 | D:1      | Reached XP level 3. HP: 27/29 MP: 3/3
   587 | D:2      | Found a sacrificial altar of Ru.
   846 | D:4      | Reached XP level 4. HP: 22/35 MP: 4/4
   879 | D:5      | Entered Level 5 of the Dungeon
   889 | D:5      | Got an ancient lead ring
   891 | D:5      | Identified the ring of Lazuf {rN+ Stlth+} (You found it on level 5 of the Dungeon)
   950 | D:5      | Noticed a centaur
   962 | D:5      | Slain by a centaur

Vault maps used:
D:1:      saegor_arrival_fortress
D:2:      lemuel_crystal_altar, xom_redecorated, old_standard_altar
D:3:      nicolae_qazlal_general_emergency, first_bread, amethyst_killhole,
          minmay_misc_feat_five, hex_tiny
D:4:      lemuel_coloured_pillars_altar
D:5:      minmay_misc_feat_cross

Skill      XL: |  1  2  3 |
---------------+----------+-----
Polearms       | 2 |  2.5
Armour         | 3 |  3.1
Shields        | 3 |  3.1
Fighting       | |  3.5
Dodging        | |  0.5
Stealth        | |  0.2

Action                   |  1- 3 |  4- 6 || total
-------------------------+-------+-------++-------
Melee: Trident           |   153 |    13 ||   166
  Eat: Chunk             |       |     1 ||     1
Armor: Scale mail        |    65 |     2 ||    67
Dodge: Dodged            |    32 |     2 ||    34
Block: Shield            |    65 |    10 ||    75
